 Dungeon Crawl Stone Soup version 0.32-a0-411-g744942f433 (webtiles) character file.

Game seed: 8307767041901755085

86 zeratav the Chopper (level 4, 0/39 HPs)
             Began as a Minotaur Fighter on Feb 21, 2024.
             Slain by a gnoll
             ... wielding a +0 spear
              (2 damage)
             ... on level 2 of the Dungeon.
             The game lasted 00:01:13 (991 turns).

zeratav the Chopper (Minotaur Fighter)               Turns: 991, Time: 00:01:14

Health: 0/39       AC: 10    Str: 23    XL:     4   Next: 27%
Magic:  3/3        EV:  9    Int:  5    God:
Gold:   92         SH:  4    Dex:  9    Spells: 3/3 levels left

rFire   . . .        a - +0 war axe {axe}
rCold   . . .        c - +0 buckler
rNeg    . . .        b - +0 scale mail
rPois   .            (helmet restricted)
rElec   .            (no cloak)
rCorr   .            (no gloves)
SInv    .            (no boots)
Will    .....        (no amulet) Stlth
                     k - ring of flight
HPRegen 0.26/turn    o - +4 ring of protection
MPRegen 0.08/turn

%: no passive effects
@: flying
A: horns 2, retaliatory headbutt
a: no special abilities


You were on level 2 of the Dungeon.
You visited 1 branch of the dungeon, and saw 2 of its levels.

You collected 92 gold pieces.


Innate Abilities, Weirdness & Mutations

You have a pair of horns on your head.
You reflexively headbutt those who attack you in melee.


   Skills:
 - Level 3.6 Fighting
 + Level 5.5 Axes
 - Level 3.6 Armour
 - Level 3.6 Shields


You had 3 spell levels left.
You didn't know any spells.
Your spell library contained the following spells:

 Spells                   Type           Power      Damage    Failure   Level
 Sublimation of Blood     Necr           0%         N/A       94%         2
 Petrify                  Alch/Erth      0%         N/A       100%        4
 Irradiate                Conj/Alch      0%         3d11      100%        5

Inventory:

Hand Weapons
 a - a +0 war axe (weapon) {axe}
Armour
 b - a +0 scale mail (worn)
 c - a +0 buckler (worn)
Jewellery
 k - a ring of flight (left hand)
   (You found it on level 2 of the Dungeon)
 o - a +4 ring of protection (right hand)
   (You found it on level 2 of the Dungeon)
Scrolls
 h - 2 scrolls of blinking {unknown}
 j - a scroll of teleportation {unknown}
 l - a scroll of identify {unknown}
 m - 2 scrolls of fear {unknown}
 n - a scroll of amnesia {unknown}
Potions
 d - a potion of might
 e - a potion of cancellation {unknown}
 f - 2 potions of curing {unknown}
 g - a potion of attraction {unknown}
 i - a potion of brilliance {unknown}

Dungeon Overview and Level Annotations

Branches:
Dungeon (2/15) Zot: 10984

Altars:
Sif Muna

Shops:
D:1

? #...###.####.# ?
#...##..####.# ..
#...##.###...# ...
#...##.###.### ....
####(..##.##..#
.....###......##.##††#
......g..##......##..#
## #.))............# #.
#.)@...##.###.#####.
#.#.#####..##.......
.......# ##.##.......
....#### #.....#####
##....##########...##
##.........####....####
#..######.............
#..# ####.##.##.##..
##..#####....##.##.###.


You could see a gnoll.


Message History

The jackal closely misses you.
You barely miss the jackal. The jackal barely misses you.
The jackal bites you but does no damage.
You slash the jackal!
You kill the jackal!
No target in view!
No target in view!
No target in view!
No target in view!
No target in view!
No target in view!
No target in view!
No target in view!
No target in view!
No target in view!
No target in view!
No target in view!
No target in view!
No target in view!
No target in view!
You see here a jackal corpse.
You see here a jackal corpse.
A gnoll comes into view. It is wielding a +0 flail.
The gnoll shouts!
The gnoll moves out of view.
A gnoll comes into view. It is wielding a +0 spear.
There are monsters nearby!
A gnoll comes into view. It is wielding a +0 whip.
The gnoll shouts!
You hear a shout!
You barely miss the gnoll. Your headbutt misses the gnoll.
A kobold comes into view. It is wielding a +0 dagger.
The gnoll hits you with a +0 flail.
HP[-5]
You take 5 damage, and now have 34/39 hp.
You hit the gnoll. The gnoll hits you with a +0 flail.
The gnoll hits you from afar with a +0 spear.
You block the gnoll's attack. The gnoll hits you with a +0 whip.
HP[-7]
You take 7 damage, and now have 27/39 hp.
You closely miss the gnoll. You barely miss the gnoll.
The gnoll hits you but does no damage. The gnoll barely misses you. x2
You furiously retaliate!
You headbutt the gnoll. You barely miss the gnoll.
Your headbutt misses the gnoll. You barely miss the gnoll.
The gnoll hits you but does no damage. The gnoll misses you.
The gnoll barely misses you.
You barely miss the gnoll. x2; The gnoll hits you with a +0 whip.
The gnoll closely misses you. The gnoll hits you with a +0 flail.
HP[-7]
You take 7 damage, and now have 20/39 hp.
You closely miss the gnoll. Your headbutt misses the gnoll.
You hit the gnoll but do no damage. You block the gnoll's attack.
The gnoll hits you from afar with a +0 spear.
* * * LOW HITPOINT WARNING * * *
The gnoll hits you with a +0 flail.
* * * LOW HITPOINT WARNING * * *
The gnoll hits you but does no damage. The gnoll hits you with a +0 flail!
* * * LOW HITPOINT WARNING * * *
The gnoll barely misses you.
You are too injured to fight recklessly!
You are too injured to fight recklessly!
You are too injured to fight recklessly!
HP[-13]
You take 13 damage, and now have 7/39 hp.
MASSIVE DAMAGE!! (PAUSE)
You are too injured to fight recklessly!
You are too injured to fight recklessly!
You are too injured to fight recklessly!
You are too injured to fight recklessly!
You are too injured to fight recklessly!
You are too injured to fight recklessly!
You are too injured to fight recklessly!
You are too injured to fight recklessly!
You are too injured to fight recklessly!
You are too injured to fight recklessly!
You are too injured to fight recklessly!
The gnoll attacks as it pursues you! The gnoll hits you but does no damage.
You hit the gnoll. You barely miss the gnoll. You block the gnoll's attack. x2
HP[+1]
You hit the gnoll but do no damage. You hit the gnoll.
The gnoll barely misses you. The gnoll hits you but does no damage.
The gnoll hits you with a +0 flail.
* * * LOW HITPOINT WARNING * * *
HP[-1]
You take 1 damage, and now have 7/39 hp.
You hit the gnoll. x2
The gnoll hits you from afar with a +0 spear.
* * * LOW HITPOINT WARNING * * *
The gnoll misses you. The gnoll hits you with a +0 flail.
* * * LOW HITPOINT WARNING * * *
HP[-6]
You take 6 damage, and now have 1/39 hp.
You hit the kobold.
You kill the kobold!
You hit the gnoll.
You kill the gnoll!
You hit the gnoll.
You kill the gnoll!
The gnoll closely misses you.
The gnoll hits you from afar with a +0 spear.
You die...

Skill      XL: |  1  2  3 |
---------------+----------+-----
Axes           | 3 4 5 |  5.5
Fighting       | |  3.6
Armour         | |  3.6
Shields        | |  3.6

Action                     |  1- 3 |  4- 6 || total
---------------------------+-------+-------++-------
  Melee: War axe           |    55 |    27 ||    82
         Headbutt          |     8 |       ||     8
 Armour: Scale mail        |    36 |    39 ||    75
  Dodge: Dodged            |    26 |    18 ||    44
  Block: Buckler           |    11 |     8 ||    19

Levels and vault maps discovered:
D:1:      denvon_arrival_planthouse, layout_rooms, serial_shops, shop,
          minmay_misc_feat_plants
D:2:      layout_rooms, basic_altar, chequers_serial_rivers_room_b

Notes
Turn   | Place    | Note
-------+----------+-------------------------------------------
     0 | D:1      | zeratav the Minotaur Fighter began the quest for the Orb.
     0 | D:1      | Reached XP level 1. HP: 19/19 MP: 0/0
     0 | D:1      | magus.rc [v1.9.6]
    27 | D:1      | Reached skill level 3 in Axes
    34 | D:1      | Reached XP level 2. HP: 25/26 MP: 1/1
    88 | D:1      | You pick up a book of Transmutation and begin reading...
    88 | D:1      | You add the spells Sublimation of Blood, Petrify and
                  | Irradiate to your library.
   131 | D:1      | Reached skill level 4 in Axes
   227 | D:1      | Found Ziacaqet's Magic Scroll Emporium.
   455 | D:1      | Reached XP level 3. HP: 31/31 MP: 2/2
   706 | D:2      | Reached skill level 5 in Axes
   777 | D:2      | Reached XP level 4. HP: 39/39 MP: 3/3
   876 | D:2      | Found a shimmering blue altar of Sif Muna.
   986 | D:2      | HP: 7/39 [gnoll/+0 flail (9)]
   990 | D:2      | HP: 3/39 [gnoll/+0 spear (4)]
   990 | D:2      | HP: 1/39 [gnoll/+0 flail (2)]
   991 | D:2      | Slain by a gnoll

Vanquished Creatures
  2 gnolls (D:2)
  2 adders (D:2)
  4 endoplasms
  3 giant cockroaches
  3 goblins (D:1)
  3 hobgoblins
  13 jackals
  A bat (D:2)
  3 frilled lizards
  3 kobolds
  2 rats (D:2)
39 creatures vanquished.

Table legend:
 A = Non-vault XP
 B = Vault XP
 C = Vault XP percentage of total XP
 D = Non-vault monster count
 E = Vault monster count
 F = Vault count percentage of total count
                 A         B        C        D         E       F
            +---------+---------+-------+---------+---------+-------
      Total |     157 |       0 |   0.0 |      39 |       0 |   0.0
            +---------+---------+-------+---------+---------+-------
        D:1 |      48 |       0 |   0.0 |      17 |       0 |   0.0
        D:2 |     109 |       0 |   0.0 |      22 |       0 |   0.0
            +---------+---------+-------+---------+---------+-------

Skill      XL: |  1  2  3 |
---------------+----------+-----
Axes           | 3 4 5 |  5.5
Fighting       | |  3.6
Armour         | |  3.6
Shields        | |  3.6

Action                     |  1- 3 |  4- 6 || total
---------------------------+-------+-------++-------
  Melee: War axe           |    55 |    27 ||    82
         Headbutt          |     8 |       ||     8
 Armour: Scale mail        |    36 |    39 ||    75
  Dodge: Dodged            |    26 |    18 ||    44
  Block: Buckler           |    11 |     8 ||    19

Illustrated notes

Table legend:
 A = Kills in this place as a percentage of kills in the entire game.
 B = Kills by you in this place as a percentage of kills by you in the entire game.
 C = Kills by friends in this place as a percentage of kills by friends in the entire game.
 D = Other kills in this place as a percentage of other kills in the entire game.
 E = Experience gained in this place as a percentage of experience gained in the entire game.
 F = Experience gained in this place divided by the number of levels of this place that you have seen.
                   A       B       C       D       E      F
               +-------+-------+-------+-------+-------+----------------------
         Total | 100.0 | 100.0 |   N/A |   N/A | 100.0 |  78.5
       Dungeon | 100.0 | 100.0 |   N/A |   N/A | 100.0 |  78.5
               +-------+-------+-------+-------+-------+----------------------

Table legend: (Time is in decaauts)
 A = Elapsed time spent in this place.
 B = Non-inter-level travel time spent in this place.
 C = Inter-level travel time spent in this place.
 D = Time resting spent in this place.
 E = Time spent auto-exploring this place.
 F = Levels seen in this place.
 G = Mean time per level.
                   A        B        C        D        E       F      G
               +--------+--------+--------+--------+--------+-----+--------+
         Total |   1014 |    975 |     39 |      0 |    774 |   2 |  507.0 |
       Dungeon |   1014 |    975 |     39 |      0 |    774 |   2 |  507.0 |
               +--------+--------+--------+--------+--------+-----+--------+

Top non-repeatable levels by time:
     D:1: 582 daAuts
     D:2: 431 daAuts
